AoeStats
← Axolot

Arena

505149708Analyzed
4v4 RM · 24d ago on Sep 8, 2026· 38m 19s· 8 players
Game mode
Random Map
Map size
Large (8 player)
Population
200
Speed
Normal
Resources
Standard
Victory
Conquest
Starting age
Dark Age
Ending age
Imperial Age
RankedLock teamsTeams togetherTeam positionsShared explorationLock speedFull tech treeHidden civsTurbo modeCheats
Victory
Defeat
🇨🇱 Cumans · Chile
1517
+14
🇦🇷 Spanish · Argentina
1477
+16
🇦🇷 Koreans · Argentina
1442
+17
🇦🇷 Romans · Argentina
1419
+18
🇨🇳 Franks · China
1535
-18
🇻🇳 Mongols · Vietnam
1456
-16
🇨🇴 Gurjaras · Colombia
1455
-16
🇳🇿 Britons · New Zealand
1440
-15
Not Ben
10:40 Feudal Age
13:00 Fletching
13:02 Double-Bit Axe
13:25 Loom
18:24 Horse Collar
23:55 Castle Age
22:15 Gold Mining
23:15 Padded Archer Armor
24:03 Crossbowman
24:59 Bodkin Arrow
26:23 Wheelbarrow
35:25 Imperial Age
Chigüiro
10:51 Feudal Age
14:54 Castle Age
13:13 Double-Bit Axe
13:42 Horse Collar
15:05 Gold Mining
17:37 Scale Barding Armor
23:51 Fletching
34:42 Bow Saw
35:49 Forging
38:36 Wheelbarrow
38:30 Bloodlines
This is Kawaii
9:57 Feudal Age
10:04 Loom
14:04 Castle Age
12:54 Double-Bit Axe
23:51 Fletching
23:57 Gold Mining
25:57 Ballistics
25:39 Bodkin Arrow
25:30 Horse Collar
32:55 Wheelbarrow
38:23 Imperial Age
37:28 Husbandry
37:39 Bloodlines
小白
10:01 Feudal Age
13:52 Castle Age
12:39 Double-Bit Axe
15:11 Bow Saw
15:54 Loom
19:22 Gold Mining
21:55 Husbandry
24:31 Wheelbarrow
24:31 Scale Barding Armor
27:41 Fletching
38:42 Imperial Age
37:00 Chain Barding Armor
38:12 Forging
38:28 Fortified Wall
Axolot
9:17 Feudal Age
10:09 Loom
10:36 Double-Bit Axe
11:20 Fletching
15:33 Horse Collar
19:10 Wheelbarrow
25:11 Castle Age
26:07 Bow Saw
25:58 Heavy Plow
27:20 Fortified Wall
34:44 Hand Cart
35:38 Gold Mining
38:51 Imperial Age
37:29 Gold Shaft Mining
38:07 Stone Mining
[VA] Tano_Pacman
8:21 Feudal Age
9:00 Double-Bit Axe
8:57 Horse Collar
13:36 Wheelbarrow
17:00 Castle Age
19:46 Loom
21:15 Scale Mail Armor
21:02 Man-at-Arms
22:21 Squires
22:39 Chain Mail Armor
22:39 Long Swordsman
28:00 Bow Saw
29:06 Gold Mining
30:35 Heavy Plow
31:23 Hand Cart
31:19 Town Watch
31:25 Town Watch
34:32 Imperial Age
33:10 Ballistics
35:19 Masonry
36:16 Chemistry
34:52 Heavy Scorpion
37:12 Siege Engineers
38:27 Comitatenses
38:15 Ballistas
[VA] Ziptrok
8:59 Feudal Age
11:11 Double-Bit Axe
12:32 Double-Bit Axe
12:53 Horse Collar
17:47 Wheelbarrow
19:44 Scale Barding Armor
21:41 Castle Age
20:11 Forging
20:22 Gold Mining
21:01 Bloodlines
21:50 Capped Ram
23:07 Chain Barding Armor
25:17 Bow Saw
25:08 Heavy Plow
33:56 Imperial Age
31:42 Hand Cart
31:13 Town Watch
32:05 Iron Casting
34:01 Cavalier
35:18 Plate Barding Armor
35:43 Blast Furnace
34:39 Stone Mining
35:09 Bow Saw
35:23 Paladin
Dino_Mate
6:26 Loom
8:59 Feudal Age
9:36 Double-Bit Axe
10:28 Fletching
15:48 Wheelbarrow
19:59 Castle Age
19:28 Stone Mining
22:11 Padded Archer Armor
24:35 Town Watch
26:59 Horse Collar
29:49 Gold Mining
35:14 Imperial Age
33:49 Heavy Plow
35:31 Leather Archer Armor
35:24 Elite Conquistador
36:42 Bloodlines
36:32 Husbandry
37:12 Ring Archer Armor
Connection lost

Rejoining the realm…

Still unreachable

The connection could not be restored.

Session expired

The server has moved on; the page needs a fresh start.